Cogmind - Beta 16 @@@ ROGUE MODE // 2025.10.25 @ 02:24:52 Player: The Gourd Result: Destroyed by as-42845 with Assembled Rifle Performance ------------- Evolutions (0) 0 Regions Visited (4) 800 Robots Destroyed (42) 210 Value Destroyed (761) 761 Prototype IDs (23) 460 Alien Tech Used (0) 0 Bonus (350) 350 TOTAL SCORE: 2581 Bonus ------- Follower Combat Kills 50 Aligned with FarCom 300 Cogmind --------- Core Integrity 0/250 Matter 151/300 Energy 250/250 System Corruption 3% Temperature Cool (0) Movement Treading (240) Ox1 Location -9/Mines Parts ------- > --- POWER (1) -------- Ion Engine > --- PROPULSION (2) --- Light Treads > --- UTILITY (2) ------ Large Storage Unit > --- WEAPON (2) ------- Assault Rifle Light Assault Rifle > --- INVENTORY (15) --- Wheel Large Matter Pod (150) Hacking Suite Skeleton Box XL Autogun Array Improved Grenade Launcher Datajack Hammer Chainsword Peak State ------------ > --- POWER ------------ Light Nuclear Core > --- PROPULSION ------- Light Treads Light Treads > --- UTILITY ---------- Large Storage Unit Hardened Medium Armor Plating > --- WEAPON ----------- Improved Grenade Launcher Chainsword > --- INVENTORY -------- Ion Engine Light Treads Wheel Large Matter Pod Hacking Suite Skeleton Box Assault Rifle Assault Rifle Light Assault Rifle XL Autogun Array Datajack Hammer [Rating: 21] Favorites ----------- Power Light Nuclear Core Engine Ion Engine Power Core Light Nuclear Core Propulsion Light Treads Treads Light Treads Wheel Wheel Utility Large Storage Unit Device Shield Generator Storage Large Storage Unit Protection Hardened Medium Armor Plating Weapon Assault Rifle Ballistic Gun Assault Rifle Launcher Improved Grenade Launcher Special Weapon Mining Laser Impact Weapon Hammer Slashing Weapon Chainsword Build | -11 -10 -10 -10 -9 ------- Run | Yrd Mat Min Exi Min Slots Evolved . | . . . . . Power . | . . . . . Propulsion . | . . . . . Utility . | . . . . . Weapon . | . . . . . Parts Attached 25 | 8 7 3 2 5 Power 3 | 1 1 1 . . Engine 1 | 1 . . . . Core 2 | . 1 1 . . Reactor . | . . . . . Propulsion 5 | 3 . . . 2 Treads 4 | 2 . . . 2 Leg . | . . . . . Wheel 1 | 1 . . . . Hover . | . . . . . Flight . | . . . . . Utility 6 | 2 3 1 . . Device 2 | 1 1 . . . Storage 3 | 1 2 . . . Processor . | . . . . . Hackware . | . . . . . Protection 1 | . . 1 . . Artifact . | . . . . . Weapon 11 | 2 3 1 2 3 Energy Gun . | . . . . . Energy Cannon . | . . . . . Ballistic Gun 7 | 2 2 1 . 2 Ballistic Cannon . | . . . . . Launcher 1 | . . . 1 . Special Weapon 1 | . 1 . . . Impact Weapon 1 | . . . 1 . Slashing Weapon 1 | . . . . 1 Piercing Weapon . | . . . . . Special Melee Weapon . | . . . . . Unidentified Prototypes . | . . . . . Parts Lost 7 | . . 1 . 6 Power 1 | . . . . 1 Propulsion 3 | . . . . 3 Utility 1 | . . . . 1 Weapon 2 | . . 1 . 1 Highest Loss Streak 3 | . . 1 . 3 To Critical Strikes . | . . . . . Average Backups 10 | 3 9 11 14 11 Power 1 | . 1 1 1 . Propulsion 2 | 1 1 3 3 1 Utility 1 | . 1 1 1 2 Weapon 4 | . 3 4 6 4 Tool/Special . | . . . . . Unused Backups 10 | 1 2 . 1 6 Power 1 | . 1 . . . Propulsion 1 | . . . . 1 Utility 3 | . 1 . . 2 Weapon 3 | 1 . . 1 1 Tool/Special 2 | . . . . 2 Average Slot Usage (%) 97 | . 99 99 89 99 Core 13 | . 13 13 14 12 Treads 27 | . 27 28 28 27 Device 9 | . 14 10 . . Storage 14 | . 14 14 14 14 Protection 4 | . . 3 14 13 Ballistic Gun 20 | . 24 28 4 12 Launcher 2 | . . . 4 13 Special Weapon 1 | . 3 . . . Impact Weapon 1 | . . . 9 . Peak Build Rating 21 | 7 11 13 18 21 Average Rating 11 | 6 10 10 13 17 On Entrance 9 | . 7 11 13 18 Avg Prop Armor Cover (%) 12 | 12 12 . . . Naked Turns . | . . . . . Heaviest Build 42 | 14 31 36 41 42 Greatest Support 40 | 40 40 40 40 40 Greatest Overweight (x) 1 | 1 1 . 1 1 Average Overweight (x) . | . . . . 1 Largest Inventory Capacity 15 | 8 15 15 15 15 Average Capacity 12 | 7 10 15 15 15 Most Carried 15 | 5 11 15 15 15 Average Carried 10 | 3 9 11 14 14 Final Capacity 15 | 8 15 15 15 15 Final Carried 15 | 5 11 14 15 12 Class Distribution -------------------- 100% | Mutant Dominant Class ---------------- Mutant | -10/Materials Mutant | -10/Mines Mutant | -10/Exiles Mutant | -9/Mines Resources | -11 -10 -10 -10 -9 ----------- Run | Yrd Mat Min Exi Min Matter Collected 1176 | 356 444 268 29 79 Remotely . | . . . . . Salvage Created 1271 | 250 742 256 . 23 Parts 88 | 24 49 15 . . Haulers Intercepted 2 | . 2 . . . Recyclers Shooed 1 | 1 . . . . Parts Field Recycled . | . . . . . Retrieved Matter . | . . . . . Parts Self-Destructed . | . . . . . Prevented . | . . . . . Parts Restored . | . . . . . Kills | -11 -10 -10 -10 -9 ------- Run | Yrd Mat Min Exi Min Combat Hostiles Destroyed 41 | . 18 7 . 16 Guns 25 | . 18 7 . . AOE 16 | . . . . 16 Classes Destroyed 10 | 2 7 . . 1 Worker 1 | . 1 . . . Builder 1 | . 1 . . . Tunneler 9 | 7 . 2 . . Hauler 2 | . 2 . . . Recycler 1 | 1 . . . . Operator 1 | . 1 . . . Watcher 2 | . 2 . . . Swarmer 12 | . 9 3 . . Grunt 13 | . 9 4 . . Assembled 16 | . . . . 16 Best Kill Streak 16 | 3 6 3 . 16 Combat Bots Only 16 | . 6 3 . 16 Max Kills in Single Turn 4 | 1 1 2 . 4 Gunslinging . | . . . . . Exploded 4 | . . . . 4 Melee . | . . . . . Uniques/NPCs Destroyed . | . . . . . Combat | -11 -10 -10 -10 -9 -------- Run | Yrd Mat Min Exi Min Hostile Shots Fired 145 | . 50 51 . 44 Missed 33 | . 13 13 . 7 Hits 112 | . 37 38 . 37 Melee 1 | . . . . 1 Projectile 111 | . 37 38 . 36 AOE 6 | . . . . 6 Critical Strikes 1 | . . 1 . . Damage Taken 1554 | . 411 383 . 760 Core 255 | . 95 52 . 108 Absorbed by Shields 101 | . 67 34 . . Regen/Repaired (Parts) 82 | . 82 . . . Core Remaining (%) 100 | 100 . . . . Volleys Fired 145 | 19 81 33 . 12 Largest 2 | 2 2 2 . 2 Hottest 120 | 40 120 40 . 40 Shots Fired 273 | 38 153 67 . 15 Gun 252 | 38 141 67 . 6 Cannon . | . . . . . Launcher 9 | . . . . 9 Special 12 | . 12 . . . Kinetic 252 | 38 141 67 . 6 Thermal 12 | . 12 . . . Explosive 9 | . . . . 9 Electromagnetic . | . . . . . Robot Hit Streak 13 | 5 13 10 . 11 Robot Miss Streak 5 | 5 4 4 . 2 Penetration Max . | . . . . . Secondary Targets 2 | . 2 . . . Max Gunslinging Chain 1 | . 1 . . . Shots Hit Robots 154 | 18 87 42 . 7 Core Hits 92 | 11 38 17 . 26 Critical Kills 3 | 1 . 2 . . Critical Parts Destroyed 1 | . 1 . . . Critical Strikes 4 | 1 1 2 . . Destroy 4 | 1 1 2 . . Melee Attacks 1 | . . . . 1 Impact . | . . . . . Slashing 1 | . . . . 1 Piercing . | . . . . . Sneak Attacks . | . . . . . Combat Hostiles . | . . . . . Follow-up Attacks . | . . . . . Damage Inflicted 3045 | 228 960 534 . 1323 Guns 1739 | 228 960 534 . 17 Cannons . | . . . . . Explosions 1276 | . . . . 1276 Melee 30 | . . . . 30 Ramming . | . . . . . Kinetic 1739 | 228 960 534 . 17 Thermal . | . . . . . Explosive 1276 | . . . . 1276 Electromagnetic . | . . . . . Impact . | . . . . . Slashing 30 | . . . . 30 Piercing . | . . . . . Highest Corruption 3 | . 3 3 3 3 Average Corruption 2 | . 2 3 3 3 Corruption Purged . | . . . . . Corruption Blocked . | . . . . . Effects 68 | . 26 24 11 7 Message Errors 16 | . 5 8 3 . Matter Fused 14 | . 5 6 2 1 Heat Flow Errors 10 | . 4 3 1 2 Energy Discharges 7 | . 3 2 1 1 Parts Fused 1 | . 1 . . . Data Loss (minor) 10 | . 2 2 3 3 Data Loss (major) 3 | . 1 1 1 . Misfires 4 | . 3 1 . . Alerts 2 | . 1 1 . . Weapon Failures 1 | . 1 . . . Overload Shots . | . . . . . Overflow Damage 24 | . . . . 24 Projectiles . | . . . . . Explosions 24 | . . . . 24 Melee . | . . . . . Knockbacks . | . . . . . Impact . | . . . . . Kinetic . | . . . . . Secondary . | . . . . . Self-Inflicted Damage 149 | . 75 . . 74 Shots 3 | . 1 . . 2 Rammed . | . . . . . Targets Rammed . | . . . . . Kicked . | . . . . . Crushed . | . . . . . Highest Temperature 267 | . 255 254 126 267 Average Temperature 62 | . 52 65 63 93 Received Heat Transfer 276 | . 131 145 . . Effects 1 | . 1 . . . Interference 1 | . 1 . . . Siege Activations . | . . . . . Martial Activations . | . . . . . Shielding Activations . | . . . . . Robots Disrupted . | . . . . . Combat Hostiles . | . . . . . Robots Corrupted . | . . . . . Combat Hostiles . | . . . . . Parts Fried . | . . . . . Impact Corruptions . | . . . . . Robots Melted . | . . . . . Combat Hostiles . | . . . . . Parts Melted . | . . . . . Heat Transferred . | . . . . . Parts Sabotaged . | . . . . . Parts Stolen . | . . . . . Parts Stripped . | . . . . . Power Chain Reactions . | . . . . . Alert | -11 -10 -10 -10 -9 ------- Run | Yrd Mat Min Exi Min Maximum Alert Level 1 | . 1 . . . Low Security (%) 88 | 100 76 100 . 100 Level 1 11 | . 23 . . . Level 2 . | . . . . . Level 3 . | . . . . . Level 4 . | . . . . . Level 5 . | . . . . . High Security . | . . . . . Max Security . | . . . . . Peak Influence 273 | 10 273 64 . 34 Initial 19 | . . 19 . . Average 61 | 1 117 8 . 1 Influence Increases 885 | 40 594 180 . 71 Destroy 0b10 Robot/C 540 | . 360 140 . 40 Destroy 0b10 Robot/NC 85 | 40 35 10 . . Destroy Leader 108 | . 78 30 . . Allied During Kill 4 | . . . . 4 Successful Hack 18 | . 18 . . . Select Force Hacks 30 | . 30 . . . Disable Machine 30 | . 30 . . . Destroy Structure 40 | . 13 . . 27 Lose Combat Pursuer 30 | . 30 . . . Influence Decreases 885 | 40 543 231 . 71 Entered New Map 32 | . . 32 . . Time Decay 796 | 40 543 189 . 24 Lost Part 37 | . . 10 . 27 Lost Ally 20 | . . . . 20 Squads Dispatched 3 | . 2 1 . . Investigation 2 | . 1 1 . . Extermination . | . . . . . Reinforcement 1 | . 1 . . . Assault . | . . . . . Garrison . | . . . . . Intercept . | . . . . . Searches Triggered . | . . . . . Construction Impeded . | . . . . . Haulers Reinforced . | . . . . . Active Scanning Responses . | . . . . . Cargo Convoy Interrupts . | . . . . . Stealth | -11 -10 -10 -10 -9 --------- Run | Yrd Mat Min Exi Min Distress Signals 1 | . 1 . . . Communications Jammed . | . . . . . Distress Signals . | . . . . . Times Spotted 61 | . 34 7 . 20 Peak Tracking Total 17 | . 6 3 . 17 Tactical Retreats 2 | . 2 . . . Traps | -11 -10 -10 -10 -9 ------- Run | Yrd Mat Min Exi Min Traps Triggered 2 | . 2 . . . Indirectly . | . . . . . Trap Hack Attempts . | . . . . . Triggered . | . . . . . Disarmed . | . . . . . Reprogrammed . | . . . . . Reused . | . . . . . Traps Extracted . | . . . . . Installed . | . . . . . Triggered . | . . . . . Machines | -11 -10 -10 -10 -9 ---------- Run | Yrd Mat Min Exi Min Machines Disabled 2 | . 2 . . . Max in Single Turn 2 | . 2 . . . Machines Repaired . | . . . . . Machines Dismantled . | . . . . . Machines Sabotaged . | . . . . . Overloaded Fab Kills . | . . . . . Hacking | -11 -10 -10 -10 -9 --------- Run | Yrd Mat Min Exi Min Machines Accessed 12 | . 8 1 2 1 Terminals 6 | . 6 . . . Fabricators . | . . . . . Repair Stations 1 | . 1 . . . Recycling Units 1 | . 1 . . . Scanalyzers . | . . . . . Garrison Access . | . . . . . Total Hacks 30 | . 24 1 4 1 Successful 17 | . 11 1 4 1 Failed 13 | . 13 . . . Catastrophic 1 | . 1 . . . Database Lockouts . | . . . . . Manual 23 | . 22 . 1 . Terminals 21 | . 21 . . . Fabricators . | . . . . . Repair Stations 2 | . 2 . . . Recycling Units 1 | . 1 . . . Scanalyzers . | . . . . . Garrison Access . | . . . . . Terminal Hacks 6 | . . 1 4 1 Record 3 | . . . 3 . Open Door 2 | . . 1 . 1 Proto ID Catalog 1 | . . . 1 . Fabricator Hacks . | . . . . . Repair Station Hacks 2 | . 2 . . . Scan Component 1 | . 1 . . . Repair 1 | . 1 . . . Recycling Unit Hacks . | . . . . . Scanalyzer . | . . . . . Garrison Access Hacks . | . . . . . Unauthorized Hacks 9 | . 9 . . . Terminals 8 | . 8 . . . Track 1 | . 1 . . . Botnet 1 | . 1 . . . Skim 6 | . 6 . . . Fabricators . | . . . . . Repair Stations . | . . . . . Recycling Units 1 | . 1 . . . Tunnel 1 | . 1 . . . Scanalyzers . | . . . . . Garrison Access . | . . . . . Data Cores Recovered . | . . . . . Used . | . . . . . Hacking Detections 7 | . 7 . . . Full Trace Events . | . . . . . Feedback Events . | . . . . . Feedback Blocked . | . . . . . Robot Schematics Acquired . | . . . . . Robots Built . | . . . . . Authchips . | . . . . . Time . | . . . . . Total Robot Build Rating . | . . . . . Part Schematics Acquired . | . . . . . Parts Built . | . . . . . Authchips . | . . . . . Time . | . . . . . Total Part Build Rating . | . . . . . Part Studies Acquired . | . . . . . Parts Repaired 1 | . 1 . . . Time 26 | . 26 . . . Parts Recycled . | . . . . . Recycled Matter . | . . . . . Retrieved Matter . | . . . . . Retrieved Components . | . . . . . Parts Scanalyzed . | . . . . . Part Schematics Acquired . | . . . . . Parts Damaged . | . . . . . Bothacking | -11 -10 -10 -10 -9 ------------ Run | Yrd Mat Min Exi Min Used RIF Installer . | . . . . . Robots Hacked . | . . . . . Non-combat . | . . . . . Combat . | . . . . . Robot Hacks Applied . | . . . . . Relay Couplers Released . | . . . . . Fabnet Peak Effective % . | . . . . . Robots Rewired . | . . . . . Allies Hacked . | . . . . . Hacks Repelled . | . . . . . Allies | -11 -10 -10 -10 -9 -------- Run | Yrd Mat Min Exi Min Total Allies 3 | . . 3 . . Largest Group 3 | . . 3 3 2 Highest-Rated Group 40 | . . 40 40 32 Highest-Rated Ally 16 | . . 16 16 16 Total Orders . | . . . . . Ally Attacks 9 | . . . . 9 Total Damage 108 | . . . . 108 Kills 2 | . . . . 2 Allies Corrupted . | . . . . . Allies Melted . | . . . . . Intel | -11 -10 -10 -10 -9 ------- Run | Yrd Mat Min Exi Min Active Infowar (turns) 1365 | 192 434 739 . . Seismic 1365 | 192 434 739 . . Robot Analysis Total . | . . . . . Derelict Logs Recovered 2 | . . 2 . . Drone Launches . | . . . . . Drone Recoveries . | . . . . . Exploration | -11 -10 -10 -10 -9 ------------- Run | Yrd Mat Min Exi Min Turns Passed 4356 | 289 1814 1154 739 360 Spaces Moved 1994 | 156 729 644 407 58 Core 3 | 3 . . . . Treads 1859 | 103 647 644 407 58 Legs . | . . . . . Wheels 132 | 50 82 . . . Hover . | . . . . . Flight . | . . . . . Fastest Speed 50 | 50 95 160 160 240 Average Speed 161 | 137 152 160 179 240 Slowest Speed 240 | 160 160 160 240 240 Overloaded Moves . | . . . . . Propulsion Burnouts . | . . . . . Robots Hopped . | . . . . . Potential Cave-ins . | . . . . . Cave-ins Triggered . | . . . . . Exploration Rate (%) 55 | 6 88 98 72 13 Regions Visited 4 Branch Regions 3 Pre-discovered Areas 5 | . 2 2 1 . Known Exits Taken . | . . . . . Unknown Exits Taken 4 | 1 1 1 1 . Scrap Searched 1 | . . 1 . . Spaces Dug 24 | . 10 . . 14 Terrain Destroyed 60 | . 13 . . 47 Melee . | . . . . . Projectile 11 | . 11 . . . AOE 49 | . 2 . . 47 Terrain Rammed . | . . . . . Walls Destroyed . | . . . . . Machines Disabled . | . . . . . Actions | -11 -10 -10 -10 -9 --------- Run | Yrd Mat Min Exi Min Total 2844 | 193 1267 703 419 262 Wait 636 | 4 431 17 1 183 Move 1990 | 155 728 643 406 58 Hop . | . . . . . Pick Up 22 | 6 9 3 3 1 Fast Attach 11 | 7 3 1 . . Attach 7 | . . 2 1 4 Detach 4 | . 1 2 1 . Swap 14 | 1 6 2 2 3 Drop 14 | 1 8 . 5 . Fire 145 | 19 81 33 . 12 Melee 1 | . . . . 1 Ram . | . . . . . Kick . | . . . . . Crush . | . . . . . Escape Stasis . | . . . . . Rewire . | . . . . . Trap . | . . . . . Miscellaneous . | . . . . . Route ------- -11/Scrapyard -10/Materials (discovered 5 exits: *Mat x3 / *Min / *Sub) -10/Mines (discovered 4 exits: *Mat x2 / *Exi / *Sub) -10/Exiles (discovered 2 exits: *Min x2) -9/Mines (discovered 2 exits: *Mat x2) History --------- Turn | Location | Event 40 | -11/Scrapyard | Discovered new exit (range 16) 290 | -11/Scrapyard | Entered Materials 310 | -10/Materials | Build established: Mutant 454 | -10/Materials | Discovered new exit (range 13) 589 | -10/Materials | Discovered new exit (range 15) 622 | -10/Materials | Discovered new exit (range 16) 956 | -10/Materials | Repaired Lgt. Treads 1732 | -10/Materials | Discovered new exit (range 11) 1842 | -10/Materials | Discovered new exit (range 14) 1999 | -10/Materials | Learned Storage emergency access door positions 2025 | -10/Materials | Learned location of 1 exit from Recycling 2046 | -10/Materials | Learned Storage stockpile data 2051 | -10/Materials | Learned location of Recycling (-7) 2089 | -10/Materials | Learned 4 Recycling zone layouts 2104 | -10/Materials | Entered Mines 2105 | -10/Mines | Identified exit to Materials 2105 | -10/Mines | Identified exit to Subcaves 2191 | -10/Mines | Learned location of Storage (-7) 2270 | -10/Mines | Core integrity fell below 50% 2404 | -10/Mines | Learned location of Zion (-6) 2510 | -10/Mines | Deemed a non-threat by the Exiles lab entrance 2510 | -10/Mines | Discovered new exit (range 5) 2562 | -10/Mines | Assisted by bots powering up and referring to "LRC-V3" 2957 | -10/Mines | Met a Derelict shopkeep closing up shop 3114 | -10/Mines | Learned Materials emergency access door positions 3258 | -10/Mines | Entered Exiles 3258 | -10/Exiles | Accompanied by 3 allies 3281 | -10/Exiles | Discovered new exit (range 15) 3300 | -10/Exiles | Met 8R-AWN 3328 | -10/Exiles | Met EX-HEX 3422 | -10/Exiles | Met EX-DEC 3624 | -10/Exiles | Met EX-BIN 3644 | -10/Exiles | Aligned with FarCom system 3646 | -10/Exiles | Given EX-Vault access code 3747 | -10/Exiles | Opened EX-Vault 3762 | -10/Exiles | Found Skeleton Box 3775 | -10/Exiles | Found XL Autogun Array 3824 | -10/Exiles | Warned to stay clear of 0b10 Research branches 3975 | -10/Exiles | Discovered new exit (range 11) 3997 | -10/Exiles | Stole two prototypes: Skeleton Box, XL Autogun Array 3997 | -10/Exiles | Entered Mines 3997 | -9/Mines | Accompanied by 3 allies 3998 | -9/Mines | Identified exit to Materials 4004 | -9/Mines | Met a Derelict who couldn't figure out how to use a Trap Extractor 4298 | -9/Mines | Assembled infested the area 4340 | -9/Mines | Core integrity fell below 20% 4357 | -9/Mines | Destroyed by as-42845 with Assembled Rifle Last Messages --------------- 04338_ as-38494 destroyed. 04338_ as-46663 destroyed. 04338_ as-47020 destroyed. 04338_ as-05406 destroyed. 04340_ as-49701 destroyed. 04340_ as-57128 destroyed. [Achievement: Exterminator] 04342_ U-05 Engineer builds a Wall. 04344_ as-89785 destroyed. 04345_ Hrd. Medium Armor Plating destroyed. 04346_ U-05 Engineer lays Concrete. 04347_ The unstable cave ceiling collapses. 04347_ U-05 Engineer lays Concrete. 04347_ Assault Rifle destroyed. 04348_ The unstable cave ceiling collapses. 04348_ Lgt. Treads destroyed. 04349_ U-05 Engineer builds a Wall. 04352_ The unstable cave ceiling collapses. 04352_ U-05 Engineer lays Concrete. 04352_ U-05 Engineer builds a Wall. Map ----- +----------------------------------------------------+ | | | | | | | | | | | | | | | ?????????????????????????????????????????????????? | | ?????????????????????????????????????????????????? | | ??????????????????????????????????????######?????? | | ?????????????????????????????????????##""""##????? | | ??????????????????????????########???#" ! /"#????? | | ??????????????????????????# [ =#???#"!! !"#????? | | ??????????????????????????# %=%###### ! !####??? | | ??????????????????????????# %< ## ## #??? | | ??????????????????????????#!% ##### X #??? | | ??????????????????????????##### ##???# #??? | | ??????????????????????????????# #????# #??? | | ??????????????????????????????# #????# #??? | | ????????????????????????#####?# #????# #??? | | ????????????????????????# #### #????# #??? | | ??????????? ?????????### # #????##########??? | | ??????????? * ???### ##u#####????????????????? | | ?????????? !% # ##u# #?????????????????? | | ?????????? ! # ##????????????????? | | ?????????? @t # #????????????????? | | ?????????? a ##????????????????? | | ?????????? % ##??????????Y??????? | | ??????????? a #??????????????????? | | ??????????? # ##??????????????????? | | ???????????? #####???????????????????? | | ???????????? ##????????????????????????? | | ???????????? ## #?????????????????????????? | | ????????????? ?r ?????????????????????????? | | ????????????? #??## ?????????????????????????? | | ?????????????? ????? ?????????????????????????? | | ?????????????? ?????? ?????????????????????????? | | ??????????????????????? ?????????????????????????? | | ??????????????????????? ?????????????????????????? | | ??????????????????????? ?????????????????????????? | | ??????????????????????? ?????????????????????????? | | ??????????????????????? ?????????????????????????? | | ?????????????????????????????????????????????????? | | ?????????????????????????????????????????????????? | | ?????????????????????????????????????????????????? | | ?????????????????????????????????????????????????? | | ?????????????????????????????????????????????????? | | ?????????????????????????????????????????????????? | | ?????????????????????????????????????????????????? | | ?????????????????????????????????????????????????? | +----------------------------------------------------+ Best States ------------- Heat Dissipation 25 Energy Generation 14 Energy Capacity 250 Matter Stores 300 Matter Capacity 300 Sight Range 16 Terrain Scan Density 10 Armor Coverage 225 Evasion (%) 41 Recoil Reduction 2 Item Schematics ----------------- None Robot Schematics ------------------ None Fabricated ------------ Nothing Repaired ---------- Lgt. Treads | 41% | -10/Materials Studied --------- None Alien Tech Used ----------------- None Achievements -------------- Exterminator Sixth Sense Challenges ------------ None Game ------ Seed PhaseEfficiencyThrower Manual? 0 Play Time 00:28:27 Cumulative 138.5 hours Start 2025.10.25 @ 01:57:16 End 2025.10.25 @ 02:24:52 Sessions 1 Manual Loads 0 Difficulty Rogue Special Mode None Game No. 99 Rogue 99 Adventurer 0 Explorer 0 Win Type - Total 2 Types 2/0/0/0/0/0/0/0/0/0 Lore% 43 Gallery% 48 Achievement% 29 Wizard Run 0 Options --------- Layout 1 ASCII 0 Keyboard 1 Movement Vi Keybinds 1 Fullscreen 1 Font 32/SmallcapsGlow Map View 50x35 Zoom Use 0% Tactical HUD 1 Map Filters NONE Filters NONE Steam 1 RUN: 274dcdc6-34c9-4411-aee7-272077763557